AoeStats
← GeneralFlexx

Arena

508039094Analyzed
3v3 RM · 13d ago on Sep 20, 2026· 29m 28s· 6 players
Game mode
Random Map
Map size
Normal (6 player)
Population
200
Speed
Normal
Resources
Standard
Victory
Conquest
Starting age
Dark Age
Ending age
Imperial Age
RankedLock teamsTeams togetherTeam positionsShared explorationLock speedFull tech treeHidden civsTurbo modeCheats
Victory
Defeat
🇲🇽 Burgundians · Mexico
982
+17
🇲🇽 Vietnamese · Mexico
934
+19
🇺🇸 Khmer · United States
919
+20
🇩🇪 Goths · Germany
1031
-61
🇩🇪 Berbers · Germany
983
-51
🇩🇪 Burmese · Germany
983
-51
Lord Daiki
11:57 Feudal Age
12:15 Loom
14:26 Loom
15:18 Wheelbarrow
15:35 Bloodlines
17:31 Scale Barding Armor
17:37 Forging
25:04 Castle Age
26:01 Town Watch
26:31 Hand Cart
26:40 Chain Barding Armor
26:55 Iron Casting
26:11 Fletching
26:22 Padded Archer Armor
26:22 Scale Mail Armor
27:55 Horse Collar
28:02 Double-Bit Axe
29:09 Scale Mail Armor
gochodg
9:11 Feudal Age
14:53 Castle Age
13:16 Double-Bit Axe
14:35 Stone Mining
16:38 Gold Mining
24:31 Horse Collar
27:07 Gold Shaft Mining
26:35 Heavy Plow
29:18 Tusk Swords
EsquedaKING
13:18 Feudal Age
18:17 Castle Age
18:22 Cavalier
19:03 Husbandry
22:14 Scale Barding Armor
22:20 Forging
Tai Mingh
10:40 Feudal Age
11:14 Horse Collar
19:15 Castle Age
23:21 Scale Barding Armor
23:17 Scale Mail Armor
23:29 Forging
27:37 Husbandry
28:32 Bloodlines
GeneralFlexx
6:49 Loom
11:24 Feudal Age
12:44 Horse Collar
14:24 Wheelbarrow
16:06 Double-Bit Axe
19:26 Man-at-Arms
Thunderbob
6:00 Loom
13:57 Feudal Age
15:25 Wheelbarrow
14:38 Town Watch
24:54 Man-at-Arms
Connection lost

Rejoining the realm…

Still unreachable

The connection could not be restored.

Session expired

The server has moved on; the page needs a fresh start.